 Dungeon Crawl Stone Soup version 0.29.1-15-g9cfb28693d (webtiles) character file.

Game seed: 7569954340918803092

823 BabyfaceFinlayson the Ogre Mage (level 7, -3/62 HPs)
             Began as an Ogre Fire Elementalist on Apr 20, 2023.
             Shot with an arrow by a centaur (5 damage)
             ... on level 5 of the Dungeon.
             The game lasted 00:23:30 (10413 turns).

BabyfaceFinlayson the Ogre Mage (OgFE)             Turns: 10413, Time: 00:23:31

Health: -3/62      AC:  5    Str: 13    XL:     7   Next: 96%
Magic:  15/15      EV: 10    Int: 18    God:
Gold:   218        SH:  0    Dex:  9    Spells: 8/17 levels left

rFire   . . .      SeeInvis .   i - +0 dagger (venom)
rCold   . . .      Faith    .   (no shield)
rNeg    . . .      Spirit   .   d - +0 robe
rPois   .          Reflect  .   (helmet restricted)
rElec   .          Harm     .   (no cloak)
rCorr   .          Rampage  .   (gloves unavailable)
Will    .....                   (boots unavailable)
Stlth   ++........              (no amulet)
HPRegen 0.20/turn               (no ring)
MPRegen 0.14/turn               (no ring)

@: no status effects
A: large, unfitting armour, tough skin 1, antennae 1, iridescent scales 1
a: no special abilities


You were on level 5 of the Dungeon.
You visited 1 branch of the dungeon, and saw 5 of its levels.

You collected 218 gold pieces.

Inventory:

Hand Weapons
 i - a +0 dagger of venom (weapon)
Armour
 d - a +0 robe (worn)
Jewellery
 m - a +6 ring of strength
Wands
 b - a wand of roots (18)
Scrolls
 c - a scroll of amnesia
 g - 4 scrolls of identify
 h - a scroll of poison
 n - a scroll of fog
 o - 3 scrolls of brand weapon {unknown}
 q - 2 scrolls of teleportation
Potions
 e - a potion of invisibility {unknown}
 f - a potion of attraction {unknown}
 j - 3 potions of brilliance
 l - 3 potions of lignification
 p - a potion of flight {unknown}


   Skills:
 + Level 1.3 Fighting
 + Level 1.0 Short Blades
 + Level 2.9 Dodging
 + Level 2.2 Stealth
 + Level 5.5 Spellcasting
 + Level 2.6 Conjurations
 + Level 1.0 Hexes
 + Level 5.3 Fire Magic
 + Level 0.2 Earth Magic


You had 8 spell levels left.
You knew the following spells:

 Your Spells              Type           Power      Damage    Failure   Level
a - Foxfire               Conj/Fire      76%        2x1d7     2%          1
b - Scorch                Fire           48%        2d7       1%          2
c - Inner Flame           Hex/Fire       16%        N/A       10%         3
d - Stone Arrow           Conj/Erth      20%        3d8       21%         3

Your spell library contained the following spells:

 Spells                   Type           Power      Damage    Failure   Level
 Conjure Flame            Conj/Fire      19%        6-21      8%          3
 Sandblast                Erth           12%        2d6       11%         1
 Apportation              Tloc           10%        N/A       13%         1
 Necrotise                Necr           20%        1d5       13%         1
 Summon Small Mammal      Summ           20%        N/A       13%         1
 Ensorcelled Hibernation  Hex/Ice        12%        N/A       16%         2
 Passwall                 Tmut/Erth      4%         N/A       19%         2
 Sublimation of Blood     Necr           5%         N/A       19%         2
 Flame Wave               Conj/Fire      19%        2d7       24%         4
 Spider Form              Tmut/Pois      5%         N/A       36%         3
 Swiftness                Air            5%         N/A       36%         3
 Anguish                  Hex/Necr       3%         N/A       71%         4
 Petrify                  Tmut/Erth      5%         N/A       75%         4
 Irradiate                Conj/Tmut      4%         3d13      90%         5


Dungeon Overview and Level Annotations

Branches:
Dungeon (5/15)
 Temple: D:4-7

Altars:
Elyvilon
Trog
Vehumet
Xom
The Shining One

Shops:
D:4 ?


Innate Abilities, Weirdness & Mutations

You are too large for most types of armour.
You have tough skin. (AC +1)
You have a pair of small antennae on your head.
You are partially covered in iridescent scales. (AC +2)


Message History

The centaur shoots an arrow.
The arrow hits you.
Casting: Scorch (safe; 2% risk of failure)
Confirm with . or Enter, or press ? or * to list all spells.
Aiming: Stone Arrow (dangerous; 21% risk of failure)
Press: ? - help, Shift-Dir - straight line, f - orc
Aim: an orc, wielding a +0 club (68% to hit)
The stone arrow hits the orc!
You kill the orc!
The centaur shoots an arrow.
The arrow hits you but does no damage.
An orc comes into view. It is wielding a +0 club.
The centaur shoots an arrow.
The arrow hits you!
* * * LOW HITPOINT WARNING * * *
The centaur shoots an arrow.
The arrow closely misses you.
You feel better.
The centaur shoots an arrow.
The arrow hits you.
* * * LOW HITPOINT WARNING * * *
Casting: Stone Arrow (dangerous; 21% risk of failure)
Confirm with . or Enter, or press ? or * to list all spells.
Aiming: Inner Flame (dangerous; 10% risk of failure)
Press: ? - help, Dir - move target, f - orc
Aim: an orc, wielding a +0 club (chance to affect: 84%)
The orc is filled with an inner flame.
Casting: Inner Flame (dangerous; 10% risk of failure)
Confirm with . or Enter, or press ? or * to list all spells.
You conjure some foxfire!
The centaur shoots an arrow.
The arrow hits you!
* * * LOW HITPOINT WARNING * * *
You feel better.
The foxfire hits the orc.
Flame seeps out of the orc.
The orc is heavily wounded.
You feel better.
The foxfire hits the orc.
The orc explodes!
You feel a bit more experienced.
The centaur shoots an arrow.
The arrow hits you!
* * * LOW HITPOINT WARNING * * *
Casting: Foxfire (safe; 2% risk of failure)
Confirm with . or Enter, or press ? or * to list all spells.
You don't have enough magic to cast this spell.
Magic courses through your body.
The centaur shoots an arrow.
The arrow hits you!
* * * LOW HITPOINT WARNING * * *
The centaur shoots an arrow.
The arrow hits you.
You die...

#.... #.... .
#...
..##...######
##.
......<.....#
....
............#
.....
#......§§#o?....
#......○°§c)....
#...@###)###'###
###### #.###.###
#.......#
#.......+ ...
#.......# ...
#.......# (..
#.......# #..
#..######
##..###..#######


You could see a centaur and an orc.

Vanquished Creatures
  Edmund (D:4)
  A black bear (D:5)
  A scorpion (D:4)
  A crimson imp (D:4)
  2 hounds (D:4)
  A jelly (D:5)
  A gnoll bouda (D:5)
  An iguana (D:4)
  Jessica (D:2)
  Natasha (thrice) (D:2)
  Robin (D:2)
  7 gnolls
  5 adders
  2 worms (D:3)
  3 dart slugs
  16 orcs
  11 ball pythons
  3 endoplasms (D:2)
  13 giant cockroaches
  17 goblins
  12 hobgoblins
  2 jackals (D:4)
  2 kobolds (D:1)
  7 quokkas
  7 bats
  2 frilled lizards (D:2)
  A goblin skeleton (D:4)
  3 hobgoblin zombies (D:4)
  A kobold skeleton (D:4)
  2 kobold zombies (D:4)
  An orc skeleton (D:4)
  An orc zombie (D:4)
  8 rats
140 creatures vanquished.

Vanquished Creatures (others)
  156 foxfires
156 creatures vanquished.

Grand Total: 296 creatures vanquished

Notes
Turn   | Place    | Note
-------+----------+-------------------------------------------
     0 | D:1      | BabyfaceFinlayson the Ogre Fire Elementalist began the
                  | quest for the Orb.
     0 | D:1      | Reached XP level 1. HP: 16/16 MP: 3/3
   173 | D:1      | Reached XP level 2. HP: 17/24 MP: 0/5
   823 | D:1      | Reached skill level 1 in Conjurations
   907 | D:1      | Reached XP level 3. HP: 31/31 MP: 3/6
   910 | D:1      | Learned a level 2 spell: Scorch
   914 | D:1      | Learned a level 3 spell: Inner Flame
  1035 | D:1      | Found a faded altar of an unknown god.
  1260 | D:2      | Noticed Jessica
  1276 | D:2      | Killed Jessica
  1524 | D:2      | Reached XP level 4. HP: 39/39 MP: 6/8
  1533 | D:2      | Noticed Robin
  1545 | D:2      | Killed Robin
  2734 | D:2      | Noticed Natasha
  2736 | D:2      | Killed Natasha
  2737 | D:2      | Reached XP level 5. HP: 46/46 MP: 4/9
  4107 | D:2      | Noticed Natasha
  4114 | D:2      | Killed Natasha
  6216 | D:2      | Noticed Natasha
  6222 | D:2      | Killed Natasha
  7074 | D:3      | Reached XP level 6. HP: 54/54 MP: 8/11
  7273 | D:3      | Found an opulent altar of Gozag.
  7276 | D:3      | Found a shimmering altar of Xom.
  7276 | D:3      | Found a radiant altar of Vehumet.
  7278 | D:3      | Found a shimmering altar of Xom.
  7278 | D:3      | Found a white marble altar of Elyvilon.
  7278 | D:3      | Found a bloodstained altar of Trog.
  7679 | D:3      | Gained mutation: You are partially covered in iridescent
                  | scales. (AC +2) [potion of mutation]
  7679 | D:3      | Gained mutation: You have a pair of small antennae on your
                  | head. [potion of mutation]
  7970 | D:3      | Learned a level 3 spell: Stone Arrow
  8186 | D:4      | Found a glowing golden altar of the Shining One.
  8187 | D:4      | Noticed Edmund
  8554 | D:4      | Found Inadute's Magic Scroll Emporium.
  8859 | D:4      | Killed Edmund
  8860 | D:4      | Reached skill level 5 in Spellcasting
  8860 | D:4      | Reached XP level 7. HP: 61/61 MP: 0/14
  9151 | D:4      | Identified the +6 whip of Malaise {flame, Will++ MP-9
                  | Dex+3}
  9549 | D:5      | Entered Level 5 of the Dungeon
  9969 | D:5      | Reached skill level 1 in Fighting
  9974 | D:5      | Reached skill level 5 in Fire Magic
 10404 | D:5      | Reached skill level 1 in Short Blades
 10404 | D:5      | Reached skill level 1 in Hexes
 10413 | D:5      | HP: 2/62 [centaur/arrow (11)]
 10413 | D:5      | Shot with an arrow by a centaur

Illustrated notes

Levels and vault maps discovered:
D:1:      nzn_arrival_water_spiral, layout_loops_corners,
          ebering_ecumenical_altar_webs, st_stairs_5
D:2:      layout_basic, minmay_misc_feat_plants, uniq_robin, uniq_natasha,
          uniq_jessica
D:3:      minmay_roachtagon, layout_loops_ring, doesnt_xom_only_xom,
          saegor_snake_ambush
D:4:      layout_basic, nicolae_tso_besieged_by_evil, serial_shops,
          nicolae_shop_waterfront, uniq_edmund
D:5:      layout_gridville, kiku_gazebo_garden_becter, minmay_misc_feat_doors,
          uniq_duvessa

Skill      XL: |  1  2  3  4  5  6  7 |
---------------+----------------------+-----
Fire Magic     | 3 4 5 |  5.3
Dodging        | 2 |  2.9
Conjurations   | 1 2 |  2.6
Spellcasting   | 3 5 |  5.5
Fighting       | 1 |  1.3
Stealth        | 2 |  2.2
Short Blades   | 1 |  1.0
Hexes          | 1 |  1.0
Earth Magic    | |  0.2

Action                   |  1- 3 |  4- 6 |  7- 9 || total
-------------------------+-------+-------+-------++-------
Melee: Short sword       |     9 |    18 |       ||    27
       Dagger            |       |    51 |    10 ||    61
 Cast: Foxfire           |    35 |    50 |    10 ||    95
       Scorch            |     5 |    46 |    15 ||    66
       Inner Flame       |       |    13 |     7 ||    20
       Stone Arrow       |       |     7 |     5 ||    12
Evoke: Wand              |       |     2 |       ||     2
  Use: Scroll            |     4 |     8 |     1 ||    13
       Potion            |     2 |     2 |     4 ||     8
Armor: Robe              |     9 |    34 |    16 ||    59
Dodge: Dodged            |    15 |    74 |    26 ||   115
